General information
			
			
        
        - name: BNet
 
        - type: Ladder team game (AT/RT)
 
        - host: Battle.net
 
        - saver: SMEAGOL
 
        
map: Friends 
        - players: 8
 
        - length: 166:56
 
        - speed: Fast
 - version: 1.22 W3XP
 - replay type:  Public
 
» download(614 KB)
Players
        team 1 (loser) 
              
              
TypeTextHere (
blue | 34 APM | 2145 actions | 63:23)
              
 7 Archmage 
 3 Summon Water Elemental
 2 Brilliance Aura
 1 Blizzard
 1 Mass Teleport
 6 Mountain King 
 2 Storm Bolt
 2 Thunder Clap
 1 Bash
 1 Avatar
 6 Paladin 
 3 Holy Light
 2 Divine Shield
 1 Resurrection
 
                » actions 
                
                | Assign group hotkey | 446 |  | 
| Basic commands | 219 |  | 
| Build / train | 97 |  | 
| Enter build submenu | 42 |  | 
| Enter hero's abilities submenu | 18 |  | 
| Right click | 415 |  | 
| Select / deselect | 331 |  | 
| Select group hotkey | 465 |  | 
| Use ability | 111 |  | 
                2145 total
 » units 
                
                | Peasant | 9 |  | 
| Footman | 6 |  | 
| Sorceress | 6 |  | 
| Mortar Team | 20 |  | 
| Knight | 4 |  | 
| Priest | 3 |  | 
                48 total
 » upgrades
                
                | Defend | 1 |  | 
| Sorceress Training | 2 |  | 
| Priest Training | 2 |  | 
| Animal War Training | 1 |  | 
| Swords | 1 |  | 
| Plating | 1 |  | 
| Gunpowder | 3 |  | 
| Armor | 1 |  | 
                12 total
 » buildings
                
                | Altar of Kings | 1 |  | 
| Farm | 14 |  | 
| Scout Tower | 12 |  | 
| Lumber Mill | 2 |  | 
| Barracks | 2 |  | 
| Arcane Tower | 7 |  | 
| Arcane Vault | 1 |  | 
| Keep | 2 |  | 
| Blacksmith | 3 |  | 
| Guard Tower | 2 |  | 
| Castle | 1 |  | 
| Arcane Sanctum | 2 |  | 
| Workshop | 4 |  | 
| Town Hall | 1 |  | 
| Cannon Tower | 1 |  | 
                55 total
 » build order
                00:05 Altar of Kings
00:07 Farm
00:47 Scout Tower
01:19 Farm
01:28 Lumber Mill
01:42 Barracks
02:01 Farm
02:23 Arcane Tower
02:24 Arcane Tower
02:45 Arcane Vault
02:58 Barracks
03:14 Scout Tower
03:59 Keep
04:30 Blacksmith
05:11 Guard Tower
05:15 Farm
05:18 Farm
06:26 Castle
06:31 Farm
06:35 Arcane Sanctum
06:37 Arcane Sanctum
07:24 Workshop
15:57 Farm
15:59 Farm
16:47 Farm
16:49 Farm
17:32 Farm
21:30 Workshop
21:33 Workshop
31:23 Town Hall
44:20 Farm
44:23 Farm
54:02 Keep
54:33 Farm
54:40 Blacksmith
55:55 Scout Tower
55:58 Scout Tower
56:17 Scout Tower
56:19 Scout Tower
56:22 Scout Tower
56:25 Scout Tower
56:35 Arcane Tower
57:03 Arcane Tower
57:09 Blacksmith
57:19 Workshop
57:42 Arcane Tower
57:51 Scout Tower
57:55 Scout Tower
57:58 Scout Tower
58:25 Cannon Tower
58:31 Lumber Mill
59:26 Arcane Tower
60:04 Scout Tower
62:18 Guard Tower
 
               
              
              
ManiaRPG (
red | 36 APM | 4755 actions | 130:46)
              
 9 Demon Hunter 
 3 Mana Burn
 3 Evasion
 1 Metamorphosis
 2 Immolation
 8 Warden 
 3 Fan of Knives
 3 Blink
 1 Spirit of Vengeance
 1 Shadow Strike
 
                » actions 
                
                | Assign group hotkey | 32 |  | 
| Basic commands | 71 |  | 
| Build / train | 120 |  | 
| ESC pressed | 7 |  | 
| Enter build submenu | 29 |  | 
| Enter hero's abilities submenu | 17 |  | 
| Give item / drop item | 5 |  | 
| Remove unit from queue | 1 |  | 
| Right click | 1831 |  | 
| Select / deselect | 1271 |  | 
| Select group hotkey | 1013 |  | 
| Use ability | 357 |  | 
                4755 total
 » units 
                
                | Wisp | 21 |  | 
| Archer | 6 |  | 
| Dryad | 6 |  | 
| Faerie Dragon | 20 |  | 
| Druid of the Claw | 6 |  | 
| Glaive Thrower | 5 |  | 
                64 total
 » upgrades
                
                | Ultravision | 1 |  | 
| Strength of the Wild | 3 |  | 
| Reinforced Hides | 4 |  | 
| Abolish Magic | 1 |  | 
| Druid of the Claw Training | 3 |  | 
| Nature's Blessing | 1 |  | 
| Well Spring | 2 |  | 
| Hardened Skin | 1 |  | 
| Resistant Skin | 1 |  | 
| Strength of the Moon | 3 |  | 
| Moon Armor | 3 |  | 
| Backpack | 1 |  | 
| Mark of the Claw | 1 |  | 
| Vorpal Blades | 1 |  | 
                26 total
 » buildings
                
                | Altar of Elders | 1 |  | 
| Moon Well | 9 |  | 
| Ancient of War | 8 |  | 
| Tree of Ages | 1 |  | 
| Hunter's Hall | 2 |  | 
| Ancient of Lore | 5 |  | 
| Tree of Eternity | 1 |  | 
| Ancient of Wonders | 1 |  | 
| Ancient of Wind | 2 |  | 
| Tree of Life | 1 |  | 
                31 total
 » build order
                00:06 Altar of Elders
00:18 Moon Well
00:32 Ancient of War
01:30 Moon Well
01:58 Ancient of War
02:49 Moon Well
04:08 Tree of Ages
06:01 Hunter's Hall
06:11 Hunter's Hall
06:12 Moon Well
06:13 Moon Well
08:15 Ancient of Lore
08:22 Ancient of Lore
08:25 Ancient of Lore
09:25 Tree of Eternity
09:28 Moon Well
12:18 Moon Well
12:33 Ancient of Wonders
13:05 Moon Well
13:19 Ancient of Wind
13:21 Ancient of Wind
22:48 Moon Well
24:57 Ancient of Lore
24:58 Ancient of Lore
39:38 Ancient of War
39:39 Ancient of War
39:40 Ancient of War
39:41 Ancient of War
39:42 Ancient of War
40:49 Ancient of War
51:07 Tree of Life
» items
                
                | Orb of Venom | 1 |  | 
| Scroll of Town Portal | 1 |  | 
| Tiny Great Hall | 1 |  | 
| Mana Stone | 1 |  | 
| Healing Wards | 1 |  | 
| Health Stone | 1 |  | 
                6 total
  
               
              
              
SMEAGOL (
teal | 47 APM | 7879 actions | 166:56)
              
 10 Blademaster 
 3 Wind Walk
 3 Critical Strike
 1 Bladestorm
 3 Mirror Image
 1 Naga Sea Witch 
 1 Frost Arrows
 1 Dark Ranger 
 1 Black Arrow
 
                » actions 
                
                | Assign group hotkey | 65 |  | 
| Basic commands | 415 |  | 
| Build / train | 512 |  | 
| ESC pressed | 129 |  | 
| Enter build submenu | 484 |  | 
| Enter hero's abilities submenu | 12 |  | 
| Give item / drop item | 31 |  | 
| Right click | 2359 |  | 
| Select / deselect | 1838 |  | 
| Select group hotkey | 677 |  | 
| Use ability | 1356 |  | 
                7879 total
 » units 
                
                | Peon | 117 |  | 
| Goblin Shredder | 15 |  | 
| Troll Batrider | 3 |  | 
| Troll Witch Doctor | 2 |  | 
| Goblin Sapper | 40 |  | 
| Goblin Zeppelin | 29 |  | 
| Wind Rider | 8 |  | 
| Raider | 1 |  | 
| Kodo Beast | 1 |  | 
| Spirit Walker | 23 |  | 
| Grunt | 137 |  | 
| Shaman | 10 |  | 
| Demolisher | 5 |  | 
                391 total
 » upgrades
                
                | Reinforced Defenses | 1 |  | 
| Liquid Fire | 2 |  | 
| Envenomed Spears | 2 |  | 
| Spiked Barricades | 4 |  | 
| Witch Doctor Training | 2 |  | 
| Ranged Weapons | 3 |  | 
| Armor | 4 |  | 
| Ensnare | 1 |  | 
| War Drums Damage Increase | 1 |  | 
| Shaman Training | 2 |  | 
| Spirit Walker Training | 2 |  | 
| Melee Weapons | 3 |  | 
| Pillage | 1 |  | 
| Berserker Strength | 1 |  | 
| Troll Regeneration | 1 |  | 
| Berserker Upgrade | 1 |  | 
| Burning Oil | 1 |  | 
                32 total
 » buildings
                
                | Altar of Storms | 1 |  | 
| Orc Burrow | 5 |  | 
| Voodoo Lounge | 5 |  | 
| War Mill | 4 |  | 
| Watch Tower | 408 |  | 
| Stronghold | 9 |  | 
| Fortress | 7 |  | 
| Beastiary | 13 |  | 
| Spirit Lodge | 11 |  | 
| Great Hall | 7 |  | 
| Barracks | 26 |  | 
                496 total
 » build order
                00:13 Altar of Storms
00:19 Orc Burrow
00:57 Voodoo Lounge
01:01 War Mill
01:53 Orc Burrow
02:31 Watch Tower
02:35 Watch Tower
03:22 Stronghold
04:29 Watch Tower
04:30 Watch Tower
04:31 Watch Tower
04:37 Watch Tower
04:38 Watch Tower
04:43 Watch Tower
04:45 Watch Tower
05:45 Fortress
06:39 Watch Tower
06:39 Watch Tower
07:28 Watch Tower
07:29 Watch Tower
07:30 Watch Tower
07:44 Watch Tower
08:31 Beastiary
08:34 Beastiary
08:44 Watch Tower
09:19 Watch Tower
09:21 Watch Tower
09:56 Watch Tower
09:59 Beastiary
10:43 Watch Tower
10:46 Watch Tower
10:49 Watch Tower
10:55 Orc Burrow
10:58 Orc Burrow
11:32 Watch Tower
12:04 War Mill
12:11 Watch Tower
12:13 Watch Tower
12:14 Watch Tower
12:53 Watch Tower
14:39 Watch Tower
14:39 Watch Tower
14:39 Watch Tower
14:44 Watch Tower
14:44 Watch Tower
14:45 Watch Tower
15:21 Watch Tower
15:21 Watch Tower
15:46 Orc Burrow
15:57 Watch Tower
15:58 Watch Tower
15:59 Watch Tower
15:59 Watch Tower
16:21 Watch Tower
16:21 Watch Tower
16:28 Spirit Lodge
17:22 Watch Tower
17:26 Watch Tower
18:29 Watch Tower
18:29 Watch Tower
18:30 Watch Tower
18:38 Watch Tower
18:39 Watch Tower
20:32 Watch Tower
20:33 Watch Tower
20:37 Watch Tower
20:37 Watch Tower
22:05 Watch Tower
22:05 Watch Tower
22:09 Watch Tower
22:10 Watch Tower
22:12 Watch Tower
22:13 Watch Tower
22:25 Watch Tower
22:26 Watch Tower
23:25 War Mill
24:19 Watch Tower
24:20 Watch Tower
26:14 Great Hall
26:31 Watch Tower
26:34 Watch Tower
26:43 Watch Tower
26:43 Watch Tower
26:44 Watch Tower
26:45 Watch Tower
26:46 Watch Tower
26:47 Watch Tower
26:48 Watch Tower
26:48 Watch Tower
27:05 Watch Tower
27:06 Watch Tower
27:06 Watch Tower
27:11 Watch Tower
29:21 Great Hall
29:29 Watch Tower
29:30 Watch Tower
29:32 Watch Tower
29:33 Watch Tower
29:34 Watch Tower
29:35 Watch Tower
29:49 Watch Tower
29:51 Watch Tower
29:58 Watch Tower
29:58 Watch Tower
29:59 Watch Tower
29:59 Watch Tower
30:01 Watch Tower
30:26 Great Hall
30:58 Watch Tower
31:00 Watch Tower
31:39 Watch Tower
31:40 Watch Tower
31:44 Watch Tower
31:45 Watch Tower
31:45 Watch Tower
31:49 Watch Tower
31:51 Watch Tower
31:51 Watch Tower
31:53 Watch Tower
31:54 Watch Tower
32:03 Watch Tower
32:05 Watch Tower
32:08 Watch Tower
32:10 Watch Tower
32:31 Watch Tower
32:32 Watch Tower
32:33 Watch Tower
32:33 Watch Tower
32:34 Watch Tower
32:51 Watch Tower
32:57 Watch Tower
32:58 Watch Tower
32:59 Watch Tower
33:01 Watch Tower
33:04 Watch Tower
33:05 Watch Tower
33:06 Watch Tower
33:07 Watch Tower
33:13 Watch Tower
33:13 Watch Tower
33:16 Watch Tower
33:17 Watch Tower
33:45 Watch Tower
33:46 Watch Tower
33:47 Watch Tower
33:49 Watch Tower
33:50 Watch Tower
34:20 Watch Tower
34:22 Watch Tower
34:23 Watch Tower
34:24 Watch Tower
34:26 Watch Tower
34:29 Watch Tower
34:29 Watch Tower
34:35 Watch Tower
34:36 Watch Tower
34:45 Watch Tower
34:46 Watch Tower
34:47 Watch Tower
35:27 Watch Tower
35:32 Watch Tower
35:33 Watch Tower
35:34 Watch Tower
35:38 Watch Tower
35:41 Watch Tower
35:41 Watch Tower
35:42 Watch Tower
35:43 Watch Tower
35:43 Watch Tower
36:18 Watch Tower
36:19 Watch Tower
36:29 Watch Tower
36:30 Watch Tower
36:33 Watch Tower
36:36 Watch Tower
36:37 Watch Tower
36:40 Watch Tower
36:41 Watch Tower
36:41 Watch Tower
36:44 Watch Tower
36:44 Watch Tower
36:50 Watch Tower
36:50 Watch Tower
36:51 Watch Tower
36:51 Watch Tower
36:52 Watch Tower
36:55 Watch Tower
36:56 Watch Tower
36:58 Watch Tower
36:59 Watch Tower
37:01 Watch Tower
37:03 Watch Tower
37:19 Watch Tower
37:22 Watch Tower
37:24 Watch Tower
37:26 Watch Tower
37:39 Watch Tower
37:42 Watch Tower
37:43 Watch Tower
37:49 Watch Tower
37:49 Watch Tower
38:00 Watch Tower
38:01 Watch Tower
38:04 Watch Tower
38:04 Watch Tower
38:04 Watch Tower
38:05 Watch Tower
38:05 Watch Tower
38:23 Watch Tower
38:23 Watch Tower
38:24 Watch Tower
38:25 Watch Tower
38:25 Watch Tower
38:27 Watch Tower
38:30 Watch Tower
38:32 Watch Tower
38:33 Watch Tower
38:40 Watch Tower
38:41 Watch Tower
38:42 Watch Tower
38:42 Watch Tower
38:49 Watch Tower
38:50 Watch Tower
38:50 Watch Tower
38:51 Watch Tower
38:56 Watch Tower
38:59 Watch Tower
39:00 Watch Tower
39:00 Watch Tower
39:01 Watch Tower
39:01 Watch Tower
39:09 Watch Tower
39:09 Watch Tower
39:10 Watch Tower
39:13 Watch Tower
39:14 Watch Tower
39:16 Watch Tower
39:17 Watch Tower
39:27 Watch Tower
39:28 Watch Tower
39:38 Watch Tower
39:39 Watch Tower
39:46 Watch Tower
39:46 Watch Tower
39:47 Watch Tower
39:50 Watch Tower
39:53 Watch Tower
39:54 Watch Tower
39:57 Watch Tower
39:58 Watch Tower
39:59 Watch Tower
39:59 Watch Tower
39:59 Watch Tower
40:00 Watch Tower
40:04 Watch Tower
40:05 Watch Tower
40:05 Watch Tower
40:05 Watch Tower
40:18 Watch Tower
40:19 Watch Tower
40:19 Watch Tower
40:25 Watch Tower
40:27 Watch Tower
40:39 Watch Tower
40:39 Watch Tower
40:40 Watch Tower
40:40 Watch Tower
40:43 Watch Tower
40:43 Watch Tower
40:44 Watch Tower
40:45 Watch Tower
40:56 Watch Tower
40:58 Watch Tower
41:05 Watch Tower
41:05 Watch Tower
41:09 Watch Tower
41:09 Watch Tower
41:09 Watch Tower
41:13 Watch Tower
41:29 Watch Tower
41:30 Watch Tower
41:30 Watch Tower
41:32 Watch Tower
41:50 Watch Tower
41:50 Watch Tower
42:04 Watch Tower
42:05 Watch Tower
42:05 Watch Tower
42:06 Watch Tower
42:30 Watch Tower
42:36 Watch Tower
42:37 Watch Tower
42:37 Watch Tower
43:06 Watch Tower
43:06 Watch Tower
43:10 Watch Tower
43:11 Watch Tower
43:11 Watch Tower
43:12 Watch Tower
43:12 Watch Tower
43:18 Watch Tower
43:19 Watch Tower
43:19 Watch Tower
43:25 Watch Tower
43:26 Watch Tower
43:26 Watch Tower
43:27 Watch Tower
43:28 Watch Tower
43:28 Watch Tower
43:29 Watch Tower
43:30 Watch Tower
43:43 Watch Tower
43:43 Watch Tower
43:45 Watch Tower
43:47 Watch Tower
44:10 Watch Tower
44:11 Watch Tower
44:12 Watch Tower
44:14 Watch Tower
44:20 Watch Tower
44:21 Watch Tower
44:22 Watch Tower
44:22 Watch Tower
44:30 Watch Tower
44:30 Watch Tower
44:31 Watch Tower
44:36 Watch Tower
44:39 Watch Tower
44:41 Watch Tower
44:43 Watch Tower
44:55 Watch Tower
44:56 Watch Tower
44:56 Watch Tower
44:57 Watch Tower
45:11 Watch Tower
45:21 Watch Tower
45:22 Watch Tower
45:22 Watch Tower
45:23 Watch Tower
45:23 Watch Tower
45:24 Watch Tower
45:27 Watch Tower
45:32 Watch Tower
45:37 Watch Tower
45:39 Watch Tower
45:40 Watch Tower
45:40 Watch Tower
46:00 Watch Tower
46:02 Watch Tower
46:05 Watch Tower
46:06 Watch Tower
46:06 Watch Tower
46:06 Watch Tower
46:08 Watch Tower
46:10 Watch Tower
46:11 Watch Tower
46:13 Watch Tower
46:15 Watch Tower
46:15 Watch Tower
46:18 Watch Tower
46:19 Watch Tower
46:21 Watch Tower
47:04 Watch Tower
47:06 Watch Tower
47:08 Watch Tower
47:09 Watch Tower
47:10 Watch Tower
47:11 Watch Tower
47:12 Watch Tower
47:31 Watch Tower
47:31 Watch Tower
47:33 Watch Tower
47:36 Watch Tower
47:44 Watch Tower
47:44 Watch Tower
47:46 Watch Tower
47:47 Watch Tower
47:49 Watch Tower
47:50 Watch Tower
47:51 Watch Tower
48:54 Watch Tower
48:54 Watch Tower
48:55 Watch Tower
48:55 Watch Tower
48:59 Watch Tower
49:06 Watch Tower
49:11 Watch Tower
49:15 Watch Tower
49:15 Watch Tower
49:16 Watch Tower
49:17 Watch Tower
49:20 Watch Tower
49:20 Watch Tower
49:21 Watch Tower
49:21 Watch Tower
51:15 Watch Tower
51:15 Watch Tower
51:16 Watch Tower
51:16 Watch Tower
51:29 Great Hall
52:27 Watch Tower
52:27 Watch Tower
52:27 Watch Tower
52:28 Watch Tower
52:46 Watch Tower
52:47 Watch Tower
53:11 Watch Tower
53:17 Watch Tower
53:17 Watch Tower
53:18 Watch Tower
53:18 Watch Tower
53:19 Watch Tower
54:49 Watch Tower
54:49 Watch Tower
54:49 Watch Tower
54:50 Watch Tower
54:53 Watch Tower
54:55 Watch Tower
54:57 Watch Tower
54:59 Watch Tower
54:59 Watch Tower
56:49 Great Hall
60:55 Stronghold
60:57 Stronghold
66:13 Great Hall
67:29 Voodoo Lounge
68:24 Voodoo Lounge
68:25 Voodoo Lounge
68:30 Voodoo Lounge
76:41 Stronghold
76:42 Stronghold
76:44 Stronghold
76:46 Stronghold
76:49 Fortress
76:51 Fortress
76:53 Stronghold
83:05 Beastiary
83:07 Beastiary
83:09 Beastiary
83:12 Beastiary
83:14 Beastiary
84:25 Beastiary
84:27 Beastiary
84:29 Beastiary
84:31 Beastiary
84:38 Beastiary
85:48 Spirit Lodge
85:50 Spirit Lodge
85:52 Spirit Lodge
85:53 Spirit Lodge
85:56 Spirit Lodge
86:14 Fortress
86:14 Fortress
86:49 Fortress
86:51 Fortress
87:24 Spirit Lodge
87:26 Spirit Lodge
87:28 Spirit Lodge
87:29 Spirit Lodge
87:36 Spirit Lodge
88:59 Barracks
89:01 Barracks
89:02 Barracks
89:26 Barracks
89:29 Barracks
89:33 Barracks
89:35 Barracks
89:37 Barracks
91:04 Barracks
91:08 Barracks
91:09 Barracks
91:12 Barracks
91:14 Barracks
92:38 Barracks
92:39 Barracks
92:43 Barracks
96:35 Great Hall
114:11 Barracks
114:12 Barracks
114:14 Barracks
114:17 Barracks
114:18 Barracks
116:24 Barracks
116:25 Barracks
116:27 Barracks
116:28 Barracks
116:29 Barracks
116:38 Stronghold
116:42 War Mill
» items
                
                | Lesser Clarity Potion | 5 |  | 
| Healing Salve | 2 |  | 
| Scroll of Speed | 1 |  | 
| Boots of Quel'Thalas +6 | 2 |  | 
| Scourge Bone Chimes | 1 |  | 
| Orb of Lightning | 1 |  | 
| Tiny Great Hall | 6 |  | 
| Ankh of Reincarnation | 4 |  | 
| Potion of Restoration | 3 |  | 
| Potion of Divinity | 8 |  | 
| Demonic Figurine | 1 |  | 
| Health Stone | 3 |  | 
| Inferno Stone | 6 |  | 
| Scroll of Restoration | 2 |  | 
| Belt of Giant Strength +6 | 3 |  | 
| Book of the Dead | 2 |  | 
| Red Drake Egg | 1 |  | 
| Scroll of Animate Dead | 1 |  | 
| Wand of the Wind | 2 |  | 
                54 total
  
               
              
              
alime (
orange | 38 APM | 2099 actions | 54:59)
              
 7 Demon Hunter 
 3 Mana Burn
 2 Immolation
 1 Metamorphosis
 1 Evasion
 5 Warden 
 2 Shadow Strike
 2 Fan of Knives
 1 Blink
 
                » actions 
                
                | Assign group hotkey | 39 |  | 
| Basic commands | 109 |  | 
| Build / train | 88 |  | 
| ESC pressed | 3 |  | 
| Enter build submenu | 22 |  | 
| Enter hero's abilities submenu | 13 |  | 
| Give item / drop item | 2 |  | 
| Remove unit from queue | 1 |  | 
| Right click | 709 |  | 
| Select / deselect | 476 |  | 
| Select group hotkey | 529 |  | 
| Use ability | 107 |  | 
                2099 total
 » units 
                
                | Wisp | 15 |  | 
| Dryad | 34 |  | 
| Mountain Giant | 5 |  | 
                54 total
 » upgrades
                
                | Abolish Magic | 1 |  | 
| Strength of the Wild | 3 |  | 
| Reinforced Hides | 3 |  | 
| Hardened Skin | 1 |  | 
| Resistant Skin | 1 |  | 
                9 total
 » buildings
                
                | Altar of Elders | 1 |  | 
| Moon Well | 10 |  | 
| Ancient of War | 1 |  | 
| Hunter's Hall | 1 |  | 
| Tree of Ages | 1 |  | 
| Ancient of Lore | 2 |  | 
| Tree of Eternity | 1 |  | 
| Ancient of Wonders | 2 |  | 
                19 total
 » build order
                00:06 Altar of Elders
00:19 Moon Well
01:07 Ancient of War
01:56 Hunter's Hall
02:51 Tree of Ages
04:21 Moon Well
04:39 Moon Well
05:37 Ancient of Lore
06:02 Ancient of Lore
06:38 Tree of Eternity
06:50 Moon Well
07:50 Moon Well
08:48 Moon Well
12:08 Moon Well
14:17 Moon Well
15:35 Moon Well
16:30 Moon Well
18:04 Ancient of Wonders
29:05 Ancient of Wonders
» items
                
                | Orb of Fire | 1 |  | 
| Scroll of Town Portal | 1 |  | 
| Potion of Healing | 3 |  | 
| Orb of Lightning | 1 |  | 
| Orb of Venom | 1 |  | 
| Staff of Preservation | 1 |  | 
                8 total
  
               team 2 (winner) 
              
              
Shock-Trooper (
yellow | 36 APM | 720 actions | 19:57)
              
 3 Dreadlord 
 2 Vampiric Aura
 1 Sleep
 1 Death Knight 
 1 Unholy Aura
 
                » actions 
                
                | Assign group hotkey | 8 |  | 
| Basic commands | 3 |  | 
| Build / train | 58 |  | 
| Enter build submenu | 15 |  | 
| Enter hero's abilities submenu | 4 |  | 
| Right click | 281 |  | 
| Select / deselect | 232 |  | 
| Select group hotkey | 77 |  | 
| Use ability | 42 |  | 
                720 total
 » units 
                
                | Acolyte | 5 |  | 
| Ghoul | 15 |  | 
| Necromancer | 14 |  | 
| Meatwagon | 8 |  | 
                42 total
 » upgrades
                
                | Unholy Strength | 2 |  | 
| Exhume Corpses | 1 |  | 
| Necromancer Training | 1 |  | 
| Skeletal Longevity | 1 |  | 
                5 total
 » buildings
                
                | Ziggurat | 6 |  | 
| Altar of Darkness | 1 |  | 
| Crypt | 2 |  | 
| Tomb of Relics | 1 |  | 
| Graveyard | 1 |  | 
| Halls of the Dead | 1 |  | 
| Temple of the Damned | 1 |  | 
| Slaughterhouse | 1 |  | 
| Sacrificial Pit | 1 |  | 
                15 total
 » build order
                00:10 Ziggurat
00:16 Altar of Darkness
00:45 Crypt
01:00 Ziggurat
01:38 Tomb of Relics
02:00 Graveyard
02:21 Ziggurat
02:46 Crypt
04:10 Halls of the Dead
05:02 Ziggurat
06:42 Temple of the Damned
06:58 Slaughterhouse
09:27 Ziggurat
09:32 Sacrificial Pit
11:56 Ziggurat
» items
                
                | Rod of Necromancy | 1 |  | 
| Potion of Healing | 1 |  | 
| Scroll of Town Portal | 2 |  | 
                4 total
  
               
              
              
fliesarebuzzing (
purple | 38 APM | 6348 actions | 166:56)
              
 10 Mountain King 
 3 Storm Bolt
 3 Bash
 1 Avatar
 3 Thunder Clap
 9 Archmage 
 2 Blizzard
 1 Mass Teleport
 3 Brilliance Aura
 3 Summon Water Elemental
 6 Blood Mage 
 3 Flame Strike
 2 Banish
 1 Summon Phoenix
 2 Goblin Alchemist 
 1 Chemical Rage
 1 Acid Bomb
 
                » actions 
                
                | Assign group hotkey | 70 |  | 
| Basic commands | 166 |  | 
| Build / train | 369 |  | 
| ESC pressed | 40 |  | 
| Enter build submenu | 262 |  | 
| Enter hero's abilities submenu | 26 |  | 
| Give item / drop item | 16 |  | 
| Remove unit from queue | 2 |  | 
| Right click | 2398 |  | 
| Select / deselect | 1554 |  | 
| Select group hotkey | 801 |  | 
| Use ability | 641 |  | 
                6348 total
 » units 
                
                | Peasant | 67 |  | 
| Mortar Team | 21 |  | 
| Goblin Shredder | 4 |  | 
| Acolyte | 1 |  | 
| Gargoyle | 18 |  | 
| Necromancer | 3 |  | 
| Goblin Zeppelin | 3 |  | 
| Flying Machine | 24 |  | 
| Dragonhawk Rider | 23 |  | 
| Siege Engine | 10 |  | 
                174 total
 » upgrades
                
                | Masonry | 3 |  | 
| Lumber Harvesting | 3 |  | 
| Gunpowder | 4 |  | 
| Magic Sentry | 1 |  | 
| Fragmentation Shards | 2 |  | 
| Flare | 2 |  | 
| Flak Cannons | 2 |  | 
| Cloud | 1 |  | 
| Plating | 2 |  | 
| Armor | 1 |  | 
| Swords | 2 |  | 
| Flying Machine Bombs | 1 |  | 
                24 total
 » buildings
                
                | Altar of Kings | 3 |  | 
| Farm | 36 |  | 
| Lumber Mill | 5 |  | 
| Scout Tower | 309 |  | 
| Guard Tower | 97 |  | 
| Arcane Vault | 3 |  | 
| Keep | 5 |  | 
| Town Hall | 3 |  | 
| Castle | 4 |  | 
| Blacksmith | 2 |  | 
| Workshop | 8 |  | 
| Arcane Sanctum | 1 |  | 
| Spirit Tower | 4 |  | 
| Nerubian Tower | 1 |  | 
| Gryphon Aviary | 4 |  | 
| Cannon Tower | 1 |  | 
                486 total
 » build order
                00:07 Altar of Kings
00:10 Farm
01:04 Lumber Mill
01:21 Farm
01:28 Scout Tower
01:35 Scout Tower
02:08 Guard Tower
02:25 Arcane Vault
02:29 Arcane Vault
02:34 Guard Tower
02:42 Farm
03:10 Scout Tower
03:14 Scout Tower
03:20 Scout Tower
04:01 Guard Tower
04:03 Scout Tower
04:10 Scout Tower
04:13 Scout Tower
04:15 Scout Tower
04:42 Guard Tower
04:43 Guard Tower
04:49 Scout Tower
04:53 Guard Tower
04:53 Guard Tower
04:54 Scout Tower
04:57 Scout Tower
05:14 Scout Tower
05:19 Scout Tower
05:21 Guard Tower
05:23 Scout Tower
05:25 Guard Tower
05:28 Scout Tower
05:30 Guard Tower
05:33 Scout Tower
05:37 Scout Tower
06:10 Guard Tower
06:12 Guard Tower
06:15 Scout Tower
06:21 Scout Tower
06:51 Keep
06:52 Keep
06:52 Keep
06:56 Guard Tower
07:07 Scout Tower
07:13 Scout Tower
07:22 Scout Tower
07:28 Scout Tower
07:42 Guard Tower
07:42 Guard Tower
07:51 Guard Tower
07:55 Guard Tower
07:55 Guard Tower
08:05 Scout Tower
08:19 Scout Tower
08:24 Scout Tower
08:28 Scout Tower
08:44 Guard Tower
09:14 Guard Tower
10:11 Town Hall
10:46 Farm
10:51 Farm
10:53 Guard Tower
10:56 Farm
11:06 Scout Tower
11:55 Castle
12:06 Blacksmith
12:09 Scout Tower
12:14 Scout Tower
12:19 Scout Tower
12:22 Scout Tower
12:29 Scout Tower
12:34 Scout Tower
12:37 Scout Tower
12:41 Scout Tower
12:45 Scout Tower
12:50 Scout Tower
14:21 Guard Tower
14:31 Scout Tower
14:32 Scout Tower
14:33 Scout Tower
14:55 Scout Tower
15:01 Scout Tower
15:03 Scout Tower
15:04 Scout Tower
15:05 Scout Tower
15:07 Scout Tower
15:07 Scout Tower
15:09 Guard Tower
15:30 Guard Tower
15:57 Scout Tower
16:00 Scout Tower
16:02 Scout Tower
16:05 Guard Tower
16:07 Scout Tower
16:09 Scout Tower
16:10 Scout Tower
16:12 Scout Tower
16:14 Scout Tower
16:17 Scout Tower
16:17 Scout Tower
16:19 Scout Tower
16:36 Guard Tower
16:38 Guard Tower
17:06 Guard Tower
17:17 Guard Tower
17:22 Scout Tower
17:24 Scout Tower
17:25 Scout Tower
17:26 Scout Tower
17:30 Scout Tower
17:31 Scout Tower
17:36 Scout Tower
17:36 Scout Tower
17:37 Scout Tower
17:38 Scout Tower
17:39 Scout Tower
17:46 Workshop
17:56 Workshop
18:00 Workshop
18:14 Arcane Sanctum
18:23 Scout Tower
18:24 Scout Tower
18:27 Scout Tower
18:28 Scout Tower
18:30 Scout Tower
18:31 Scout Tower
18:32 Scout Tower
18:33 Scout Tower
18:34 Scout Tower
18:35 Scout Tower
18:36 Scout Tower
18:38 Scout Tower
18:39 Scout Tower
18:48 Scout Tower
18:52 Scout Tower
18:53 Scout Tower
18:55 Scout Tower
18:56 Scout Tower
18:59 Scout Tower
19:02 Scout Tower
19:03 Scout Tower
19:03 Scout Tower
19:05 Guard Tower
19:07 Guard Tower
19:12 Scout Tower
19:13 Scout Tower
19:15 Scout Tower
19:15 Scout Tower
19:17 Scout Tower
19:18 Scout Tower
19:19 Scout Tower
19:22 Guard Tower
19:24 Guard Tower
19:31 Farm
19:33 Farm
19:35 Scout Tower
19:40 Guard Tower
19:45 Guard Tower
19:56 Scout Tower
19:58 Scout Tower
19:59 Scout Tower
20:00 Scout Tower
20:01 Scout Tower
20:06 Scout Tower
20:13 Guard Tower
20:57 Guard Tower
20:59 Spirit Tower
20:59 Spirit Tower
21:03 Guard Tower
21:04 Guard Tower
21:12 Spirit Tower
21:57 Guard Tower
22:01 Guard Tower
22:09 Spirit Tower
22:11 Nerubian Tower
22:18 Guard Tower
24:58 Scout Tower
25:01 Scout Tower
25:02 Scout Tower
25:03 Scout Tower
25:07 Scout Tower
25:08 Scout Tower
25:09 Scout Tower
25:10 Scout Tower
25:14 Scout Tower
25:15 Scout Tower
25:15 Scout Tower
25:16 Scout Tower
25:17 Scout Tower
25:18 Scout Tower
25:52 Farm
25:53 Farm
26:03 Scout Tower
26:13 Castle
26:37 Guard Tower
26:48 Guard Tower
26:54 Scout Tower
26:56 Scout Tower
26:57 Scout Tower
26:59 Scout Tower
27:03 Scout Tower
27:05 Scout Tower
27:06 Scout Tower
27:06 Scout Tower
27:07 Scout Tower
27:08 Scout Tower
27:15 Guard Tower
27:17 Guard Tower
27:20 Scout Tower
27:21 Scout Tower
27:23 Scout Tower
27:24 Scout Tower
27:26 Scout Tower
27:27 Scout Tower
27:50 Guard Tower
28:19 Guard Tower
28:28 Scout Tower
28:29 Scout Tower
28:30 Scout Tower
28:31 Scout Tower
28:32 Scout Tower
28:33 Scout Tower
28:34 Scout Tower
28:34 Scout Tower
28:35 Scout Tower
28:35 Scout Tower
28:37 Scout Tower
28:38 Scout Tower
28:42 Scout Tower
28:43 Scout Tower
28:45 Scout Tower
28:46 Scout Tower
28:48 Scout Tower
28:50 Scout Tower
28:51 Scout Tower
28:51 Scout Tower
28:52 Scout Tower
28:52 Scout Tower
28:53 Scout Tower
28:58 Guard Tower
29:01 Scout Tower
29:03 Scout Tower
29:04 Scout Tower
29:05 Scout Tower
29:08 Scout Tower
29:09 Scout Tower
29:11 Scout Tower
29:15 Scout Tower
29:33 Guard Tower
30:06 Guard Tower
30:09 Scout Tower
30:42 Guard Tower
30:55 Guard Tower
31:28 Guard Tower
31:31 Guard Tower
31:50 Guard Tower
34:27 Scout Tower
34:29 Scout Tower
34:30 Scout Tower
35:06 Guard Tower
35:09 Scout Tower
35:10 Scout Tower
35:11 Scout Tower
35:13 Scout Tower
35:18 Scout Tower
35:24 Scout Tower
35:27 Scout Tower
35:29 Scout Tower
35:38 Scout Tower
35:40 Guard Tower
35:46 Scout Tower
35:47 Scout Tower
35:48 Scout Tower
35:56 Scout Tower
36:00 Scout Tower
36:03 Scout Tower
36:05 Scout Tower
36:07 Scout Tower
36:09 Scout Tower
36:10 Scout Tower
36:11 Scout Tower
36:13 Scout Tower
36:15 Guard Tower
36:17 Scout Tower
36:18 Scout Tower
36:19 Scout Tower
36:21 Scout Tower
36:22 Scout Tower
36:24 Scout Tower
36:26 Scout Tower
36:27 Scout Tower
37:10 Guard Tower
37:17 Scout Tower
37:20 Scout Tower
37:23 Guard Tower
37:40 Scout Tower
37:43 Scout Tower
37:44 Guard Tower
37:45 Guard Tower
37:47 Guard Tower
38:03 Scout Tower
38:21 Guard Tower
38:28 Scout Tower
38:30 Scout Tower
38:31 Scout Tower
38:32 Scout Tower
38:37 Scout Tower
38:39 Guard Tower
38:42 Scout Tower
38:43 Scout Tower
38:44 Scout Tower
38:50 Scout Tower
38:54 Scout Tower
39:10 Scout Tower
39:11 Scout Tower
39:12 Guard Tower
39:14 Guard Tower
39:38 Scout Tower
40:10 Scout Tower
40:11 Scout Tower
40:12 Guard Tower
40:15 Scout Tower
40:16 Scout Tower
40:17 Guard Tower
40:26 Scout Tower
40:28 Scout Tower
40:30 Scout Tower
40:34 Scout Tower
40:44 Scout Tower
40:46 Scout Tower
40:49 Scout Tower
40:50 Scout Tower
40:52 Scout Tower
40:53 Scout Tower
40:54 Scout Tower
40:55 Scout Tower
41:02 Scout Tower
41:04 Guard Tower
41:08 Guard Tower
41:12 Scout Tower
41:28 Guard Tower
41:32 Guard Tower
41:36 Guard Tower
41:40 Scout Tower
41:41 Scout Tower
41:42 Scout Tower
41:43 Scout Tower
41:46 Guard Tower
42:02 Scout Tower
42:03 Scout Tower
42:03 Scout Tower
42:08 Scout Tower
42:20 Guard Tower
42:23 Scout Tower
42:25 Scout Tower
42:30 Scout Tower
42:32 Scout Tower
42:34 Guard Tower
42:49 Scout Tower
42:53 Guard Tower
42:55 Scout Tower
42:56 Scout Tower
42:56 Scout Tower
43:08 Guard Tower
43:27 Guard Tower
43:33 Scout Tower
43:39 Scout Tower
43:40 Scout Tower
43:41 Scout Tower
43:42 Scout Tower
43:43 Scout Tower
43:44 Scout Tower
43:46 Scout Tower
43:52 Scout Tower
43:53 Scout Tower
43:54 Scout Tower
43:55 Scout Tower
43:56 Scout Tower
43:57 Scout Tower
44:03 Scout Tower
44:04 Scout Tower
44:06 Scout Tower
44:09 Scout Tower
44:16 Scout Tower
44:21 Scout Tower
44:24 Scout Tower
44:26 Scout Tower
44:29 Scout Tower
44:32 Scout Tower
44:33 Scout Tower
44:35 Guard Tower
44:38 Guard Tower
44:44 Guard Tower
44:45 Scout Tower
44:48 Scout Tower
44:48 Scout Tower
44:49 Scout Tower
45:03 Guard Tower
45:32 Guard Tower
45:53 Scout Tower
45:54 Scout Tower
45:56 Scout Tower
45:57 Scout Tower
45:59 Scout Tower
46:01 Guard Tower
46:22 Guard Tower
47:01 Guard Tower
47:03 Scout Tower
47:04 Scout Tower
47:06 Scout Tower
47:31 Guard Tower
48:09 Scout Tower
48:10 Scout Tower
48:15 Gryphon Aviary
49:20 Lumber Mill
49:22 Guard Tower
49:24 Gryphon Aviary
49:29 Gryphon Aviary
49:33 Gryphon Aviary
50:00 Scout Tower
50:03 Scout Tower
50:36 Scout Tower
50:37 Scout Tower
50:40 Scout Tower
50:43 Scout Tower
50:44 Scout Tower
50:46 Scout Tower
50:47 Scout Tower
50:48 Scout Tower
50:50 Scout Tower
50:53 Scout Tower
50:53 Scout Tower
50:54 Scout Tower
50:55 Scout Tower
50:57 Scout Tower
51:05 Lumber Mill
51:42 Guard Tower
52:32 Guard Tower
68:34 Town Hall
71:35 Farm
71:41 Farm
71:47 Farm
74:35 Farm
76:44 Blacksmith
76:53 Keep
76:58 Farm
77:02 Farm
77:03 Farm
77:05 Farm
77:07 Farm
77:09 Farm
77:10 Farm
77:11 Farm
77:13 Farm
78:30 Farm
78:31 Farm
78:33 Farm
78:34 Farm
78:37 Farm
78:38 Farm
78:39 Farm
78:42 Farm
80:17 Altar of Kings
80:27 Workshop
80:33 Workshop
80:37 Workshop
80:41 Workshop
81:39 Arcane Vault
83:19 Castle
83:32 Workshop
85:04 Town Hall
86:50 Lumber Mill
98:00 Keep
98:03 Altar of Kings
98:06 Farm
100:25 Castle
102:27 Cannon Tower
103:39 Farm
103:43 Farm
103:50 Lumber Mill
109:38 Farm
109:45 Farm
118:55 Guard Tower
118:58 Guard Tower
» items
                
                | Scroll of Regeneration | 3 |  | 
| Potion of Mana | 2 |  | 
| Potion of Healing | 2 |  | 
| Lesser Clarity Potion | 1 |  | 
| Ivory Tower | 5 |  | 
| Demonic Figurine | 2 |  | 
| Belt of Giant Strength +6 | 3 |  | 
| Inferno Stone | 1 |  | 
| Amulet of the Wild | 1 |  | 
| Stone Token | 1 |  | 
| Red Drake Egg | 1 |  | 
| Book of the Dead | 1 |  | 
                23 total
  
               
              
              
Jokey_smurff (
pink | 50 APM | 1255 actions | 25:15)
              
 4 Archmage 
 1 Summon Water Elemental
 1 Blizzard
 2 Brilliance Aura
 
                » actions 
                
                | Assign group hotkey | 10 |  | 
| Build / train | 143 |  | 
| Enter build submenu | 42 |  | 
| Enter hero's abilities submenu | 4 |  | 
| Right click | 486 |  | 
| Select / deselect | 375 |  | 
| Select group hotkey | 98 |  | 
| Use ability | 96 |  | 
                1255 total
 » units 
                
                | Peasant | 24 |  | 
| Rifleman | 47 |  | 
| Crypt Fiend | 10 |  | 
                81 total
 » upgrades
                
                | Masonry | 2 |  | 
| Gunpowder | 2 |  | 
| Armor | 2 |  | 
| Lumber Harvesting | 1 |  | 
| Long Rifles | 1 |  | 
| Web | 1 |  | 
                9 total
 » buildings
                
                | Altar of Kings | 1 |  | 
| Farm | 15 |  | 
| Lumber Mill | 1 |  | 
| Barracks | 2 |  | 
| Scout Tower | 17 |  | 
| Arcane Vault | 1 |  | 
| Guard Tower | 31 |  | 
| Blacksmith | 1 |  | 
| Town Hall | 1 |  | 
| Keep | 3 |  | 
                73 total
 » build order
                00:02 Altar of Kings
00:09 Farm
01:11 Farm
01:22 Lumber Mill
01:49 Farm
02:11 Barracks
02:30 Scout Tower
02:53 Arcane Vault
03:02 Guard Tower
03:06 Scout Tower
03:38 Guard Tower
03:38 Guard Tower
04:42 Blacksmith
04:50 Scout Tower
04:52 Scout Tower
05:22 Guard Tower
05:24 Scout Tower
05:26 Scout Tower
06:02 Scout Tower
06:05 Scout Tower
06:07 Guard Tower
06:08 Guard Tower
06:08 Guard Tower
06:15 Scout Tower
06:38 Guard Tower
06:38 Guard Tower
06:39 Guard Tower
06:43 Guard Tower
06:43 Guard Tower
06:47 Scout Tower
07:08 Barracks
07:16 Guard Tower
07:16 Guard Tower
07:21 Scout Tower
07:31 Scout Tower
08:03 Guard Tower
08:03 Guard Tower
08:03 Guard Tower
08:22 Scout Tower
08:25 Scout Tower
09:18 Farm
10:40 Farm
11:25 Farm
11:44 Scout Tower
11:58 Guard Tower
12:15 Scout Tower
12:18 Scout Tower
12:31 Farm
12:38 Guard Tower
12:38 Guard Tower
12:39 Guard Tower
13:05 Farm
13:10 Farm
13:54 Farm
14:23 Town Hall
14:56 Farm
16:08 Farm
16:58 Farm
17:22 Keep
17:22 Keep
17:38 Farm
18:16 Farm
 
               
              
              
» 
redempt1on- (
green | 28 APM | 1146 actions | 41:21)
              
 9 Mountain King 
 3 Storm Bolt
 3 Bash
 1 Avatar
 2 Thunder Clap
 
                » actions 
                
                | Build / train | 102 |  | 
| Enter build submenu | 33 |  | 
| Enter hero's abilities submenu | 9 |  | 
| Remove unit from queue | 2 |  | 
| Right click | 450 |  | 
| Select / deselect | 488 |  | 
| Use ability | 62 |  | 
                1146 total
 » units 
                
                | Peasant | 14 |  | 
| Footman | 6 |  | 
| Gryphon Rider | 10 |  | 
| Forest Troll Shadow Priest | 1 |  | 
| Knight | 11 |  | 
| Mortar Team | 13 |  | 
| Siege Engine | 14 |  | 
                69 total
 » upgrades
                
                | Defend | 1 |  | 
| Swords | 3 |  | 
| Storm Hammers | 1 |  | 
| Fragmentation Shards | 1 |  | 
| Gunpowder | 1 |  | 
| Plating | 3 |  | 
| Barrage | 1 |  | 
                11 total
 » buildings
                
                | Altar of Kings | 1 |  | 
| Barracks | 2 |  | 
| Farm | 14 |  | 
| Scout Tower | 2 |  | 
| Arcane Tower | 2 |  | 
| Keep | 1 |  | 
| Lumber Mill | 1 |  | 
| Castle | 1 |  | 
| Blacksmith | 1 |  | 
| Arcane Vault | 1 |  | 
| Gryphon Aviary | 3 |  | 
| Workshop | 7 |  | 
                36 total
 » build order
                00:06 Altar of Kings
00:11 Barracks
00:20 Farm
01:25 Farm
01:29 Scout Tower
01:58 Arcane Tower
02:11 Farm
02:51 Farm
03:33 Keep
03:47 Scout Tower
04:20 Arcane Tower
04:24 Lumber Mill
05:58 Castle
06:15 Blacksmith
06:27 Arcane Vault
06:38 Gryphon Aviary
06:57 Gryphon Aviary
07:31 Farm
08:12 Farm
08:17 Gryphon Aviary
08:54 Farm
12:26 Farm
13:40 Farm
16:38 Workshop
16:41 Farm
16:45 Barracks
16:51 Workshop
17:41 Farm
18:37 Farm
19:24 Farm
22:57 Farm
28:40 Workshop
28:45 Workshop
28:49 Workshop
28:52 Workshop
30:11 Workshop
» items
                
                | Scroll of Regeneration | 3 |  | 
| Scroll of Town Portal | 3 |  | 
                6 total
  
                Chat log
          (00:07 / 6) SMEAGOL: massing towers
(00:22 / 7) fliesarebuzzing: "rush"
(00:25 / All) SMEAGOL: MY PREACIOUS....
(00:25 / Allies) alime: harass for me
(00:26 / 7) fliesarebuzzing: "fast ahrass"
(00:30 / Allies) alime: lol
(00:37 / All) redempt1on-: cant even spell right
(00:51 / All) SMEAGOL: THERES NO P IN REDEMTION IDIET
(01:04 / All) ManiaRPG: bnet = imba
(01:07 / All) redempt1on-: lol yes there is
(01:09 / All) ManiaRPG: render
(01:10 / Allies) alime: what is Imba?
(01:15 / All) SMEAGOL: SOME NERD SHIT
(01:22 / All) alime: what is Imba?
(01:31 / All) ManiaRPG: o
(01:45 / Allies) ManiaRPG: imbalance
(01:50 / Allies) alime: KNEW IT
(01:54 / Allies) TypeTextHere: who?
(02:06 / All) SMEAGOL: DET ALLW ISPS
(03:00 / All) ManiaRPG: guys im want to know  
(03:13 / All) ManiaRPG: how can i  upload  videos  to  youtube
(03:18 / Allies) SMEAGOL: kill tower
(03:20 / Allies) SMEAGOL: fucking noob
(03:26 / Allies) TypeTextHere: u ok?
(03:49 / Allies) alime: fight
(03:50 / Allies) alime: i coming
(04:12 / All) SMEAGOL: BNOLT HIM GREEN YOU FUCKIGN NOOB
(04:29 / All) alime: I oubviously have a life
(04:32 / Allies) alime: ob*
(04:40 / All) fliesarebuzzing: but not a dictionary
(04:46 / All) TypeTextHere: loploz
(04:49 / All) ManiaRPG: forestall me
(04:55 / All) alime: Lol i corrected in team chat :P
(05:42 / Allies) SMEAGOL: im gonna put some towers for u so u dont get owend
(05:57 / Allies) SMEAGOL: pull back hurt ones moron
(06:55 / Allies) ManiaRPG: get him!
(07:00 / All) ManiaRPG: :P
(08:37 / Allies) alime: i trade gold 4 wood
(10:16 / All) ManiaRPG: u guys from?
(10:20 / Allies) alime: montreal
(10:33 / Allies) ManiaRPG: canada?  i think...
(10:41 / 7) fliesarebuzzing: thought you said towers
(11:22 / 6) SMEAGOL: keep dh back or he die
(11:33 / Allies) ManiaRPG: get some  damage  
(11:34 / Allies) ManiaRPG: plz
(12:51 / Allies) alime: ne1 got a shop
(12:56 / Allies) ManiaRPG: me
(13:05 / 6) SMEAGOL: BK
(13:22 / Allies) SMEAGOL: back
(13:25 / Allies) ManiaRPG: im making mass  faeries
(13:27 / Allies) ManiaRPG: relax
(13:54 / Allies) ManiaRPG: the gouhl
(13:58 / Allies) ManiaRPG: bm  get the ghoul
(14:03 / Allies) ManiaRPG: my god
(14:07 / Allies) SMEAGOL: NOOB STFU
(14:11 / Allies) SMEAGOL: GHOULS ARE YOU KIDDING
(14:14 / Allies) SMEAGOL: GHOULS REALLY
(14:19 / Allies) ManiaRPG: coming noob
(14:36 / Allies) ManiaRPG: towering
(15:20 / Allies) TypeTextHere: THANKS GUYS
(15:33 / 6) SMEAGOL: have i been saying stuf fto you al lgame that i meant to say allies?
(15:44 / 7) fliesarebuzzing: no
(15:46 / 7) fliesarebuzzing: not really
(15:47 / 6) SMEAGOL: k
(15:49 / 7) fliesarebuzzing: just one thing that i saw
(16:29 / 7) fliesarebuzzing: its not that you didnt tell them its just that theyre not listening
(16:45 / 6) SMEAGOL: god i surrounded my own bm
(16:48 / 6) SMEAGOL: it was gross
(16:53 / 6) SMEAGOL: i ran in to attk am
(16:56 / 6) SMEAGOL: and iwas next to a buidling
(16:59 / Allies) alime: we pwn griffons easly
(17:00 / 6) SMEAGOL: and 2 units and a building surrounded me
(17:01 / Allies) alime: we have melee
(17:06 / Allies) ManiaRPG: u didnt 
(17:07 / Allies) ManiaRPG: was me
(17:11 / Allies) ManiaRPG: lvl 3 dryad
(17:13 / Allies) alime: what?
(17:28 / Allies) ManiaRPG: dont worry about the fancy  necros
(17:33 / Allies) ManiaRPG: i got a lot of   faeries
(17:39 / Allies) alime: good
(17:50 / Allies) ManiaRPG: we  must attack
(17:54 / Allies) TypeTextHere: yeah
(17:55 / Allies) TypeTextHere: leyts
(17:58 / Allies) ManiaRPG: there
(18:05 / All) ManiaRPG: ?
(18:19 / Allies) SMEAGOL: oops hes ally
(18:31 / Allies) alime: its me right?
(18:41 / All) SMEAGOL: Asdfkasdsadka
(18:41 / All) SMEAGOL: yyyyyyyyyyyy
(18:43 / All) fliesarebuzzing: IM TALKING ABOUT EMERSON AND BABY BOOMERS
(18:48 / All) ManiaRPG: hey shut up genis!
(19:16 / Allies) ManiaRPG: meet
(19:17 / Allies) SMEAGOL: \dispel
(19:23 / Allies) ManiaRPG: my faeries coming
(19:40 / All) ManiaRPG: com   daddy here
(19:50 / All) SMEAGOL: nice suicide
(19:54 / All) Shock-Trooper: okay i'm out, griffs and towers = win for my team
(20:05 / All) SMEAGOL: dumb feeder
(20:12 / Allies) alime: gosh
(20:17 / 6) SMEAGOL: u beter get morts
(20:28 / Allies) alime: meet
(20:36 / 7) fliesarebuzzing: spare wood anyone?
(20:42 / 6) SMEAGOL: i have 2 shredders
(20:45 / 6) SMEAGOL: and 20 wood men
(20:56 / 6) SMEAGOL: yellow needs way more towers
(21:22 / Allies) ManiaRPG: siege
(21:22 / Allies) ManiaRPG: pls
(21:26 / 6) SMEAGOL: "siege pls"
(21:32 / All) ManiaRPG: gg
(21:34 / All) ManiaRPG: com on leave
(21:38 / All) redempt1on-: come hit
(21:44 / All) ManiaRPG: dude u guys  are dead
(21:46 / All) redempt1on-: then well see
(22:05 / All) ManiaRPG: u think u can  win
(22:05 / Allies) alime: not good idea
(22:32 / Allies) alime: i see
(22:35 / All) ManiaRPG: ok  so thats ur way
(22:40 / All) ManiaRPG: be  gone  then
(22:48 / 6) SMEAGOL: pink and green gonna suicide?
(23:09 / 7) fliesarebuzzing: guys
(23:10 / Allies) alime: teal
(23:10 / 7) fliesarebuzzing: oops
(23:12 / All) fliesarebuzzing: wait
(23:13 / Allies) alime: do wolf rider
(23:16 / Allies) alime: something like that
(23:33 / Allies) TypeTextHere: fuck
(23:34 / Allies) TypeTextHere: coming
(23:35 / 7) fliesarebuzzing: or not
(23:41 / Allies) TypeTextHere: npoooooooooo
(23:43 / Allies) TypeTextHere: wait for me
(24:13 / 6) SMEAGOL: BACK
(25:06 / All) ManiaRPG: told ya
(25:14 / All) ManiaRPG: u cant win
(25:27 / 6) SMEAGOL: get towers and morts
(26:50 / Allies) ManiaRPG: from the  behind
(26:51 / All) redempt1on-: i took out all your dryads didnt i?
(26:53 / 6) SMEAGOL: expo bot right and mass twoer it if u can
(27:03 / All) ManiaRPG: but i  got  something u didnt
(27:15 / All) redempt1on-: ???
(27:18 / Allies) TypeTextHere: ok coming
(27:18 / All) ManiaRPG: the win :)
(27:21 / All) SMEAGOL: stop chatting all green
(27:36 / All) redempt1on-: im chatting all on purpose
(28:16 / Allies) ManiaRPG: siege
(29:25 / All) redempt1on-: LOL blue
(29:31 / Allies) ManiaRPG: go 
(29:33 / Allies) ManiaRPG: siege
(29:53 / Allies) ManiaRPG: hold position
(29:55 / Allies) alime: teal
(29:59 / Allies) alime: mind doing an army?
(30:36 / Allies) ManiaRPG: upgrade blue
(30:44 / Allies) TypeTextHere: will do
(30:48 / 6) SMEAGOL: use botl and ur morts
(30:52 / 6) SMEAGOL: use ur morts
(31:13 / All) ManiaRPG: lol
(31:18 / All) ManiaRPG: what re u gonna do now
(32:00 / Allies) alime: can u heal my warden
(32:15 / Allies) alime: ty
(32:44 / Allies) ManiaRPG: hold position on
(33:20 / 6) SMEAGOL: i can tk eventually
(33:22 / 6) SMEAGOL: lotta towers
(33:46 / Allies) ManiaRPG: kill mortar
(34:01 / Allies) ManiaRPG: b
(34:03 / Allies) ManiaRPG: figth outside
(35:25 / All) ManiaRPG: Grrrr
(35:36 / Allies) ManiaRPG: make mass tanks
(35:38 / Allies) ManiaRPG: b;lue
(35:50 / Allies) ManiaRPG: gold em orc
(36:17 / All) redempt1on-: LOL
(36:20 / 6) SMEAGOL: wtf tanks
(36:36 / 7) fliesarebuzzing: hes a retard
(37:40 / All) ManiaRPG: smeagol  is so noob
(37:49 / All) fliesarebuzzing: no u
(37:53 / All) ManiaRPG: me
(37:55 / All) fliesarebuzzing: smeagol is the most pro player on your team
(37:57 / All) fliesarebuzzing: yea you
(38:01 / All) ManiaRPG: ?  omg
(38:02 / All) ManiaRPG: 1vs1
(38:07 / All) ManiaRPG: u  own u all
(38:08 / All) ManiaRPG: of u
(38:11 / 6) SMEAGOL: how can u see someone with 200 towers and 4 expos
(38:14 / 6) SMEAGOL: and think they are a noob
(40:23 / All) ManiaRPG: die green
(40:25 / All) ManiaRPG: die  die
(40:30 / All) redempt1on-: LOL
(40:47 / 6) SMEAGOL: lemme know when i need to bs
(41:20 / All) redempt1on-: LOL gg and gj
(41:23 / All) ManiaRPG: omg
(41:41 / All) ManiaRPG: leave purpl
(41:42 / All) ManiaRPG: owned
(41:56 / All) fliesarebuzzing: sorry i dont speak english
(41:59 / Allies) ManiaRPG: blue
(42:03 / Allies) ManiaRPG: re u there
(42:07 / All) ManiaRPG: what do u speak
(42:26 / Allies) ManiaRPG: blue  give   1000 gold  dude
(42:31 / Allies) ManiaRPG: ill finish them ooff
(42:35 / Allies) ManiaRPG: plz
(42:41 / Allies) ManiaRPG: thx
(42:45 / Allies) ManiaRPG: orange
(42:47 / Allies) TypeTextHere: no worries
(42:48 / Allies) ManiaRPG: thx
(42:50 / Allies) TypeTextHere: oh lol
(42:54 / Allies) TypeTextHere: keep it sanyway
(43:23 / Allies) alime: GUYS
(43:26 / Allies) ManiaRPG: ull c  what im going to do
(43:26 / Allies) alime: I WANNA GO
(43:27 / Allies) alime: TO BED
(43:37 / Allies) TypeTextHere: lolcakes
(43:38 / Allies) SMEAGOL: u can minimize it, we got this won easy
(43:46 / Allies) ManiaRPG: yep
(43:57 / Allies) alime: nah i wanna c the rampage
(44:31 / Allies) ManiaRPG: check this out
(44:41 / All) ManiaRPG: purpl  i will own u
(44:59 / 6) SMEAGOL: nice corner towering
(45:05 / 6) SMEAGOL: u should get some hawks up there too maby
(45:29 / 7) fliesarebuzzing: should have told me that before they killed my castle
(45:34 / 6) SMEAGOL: oop
(45:51 / 6) SMEAGOL: i DARE them to try to tk my towers now
(45:56 / Allies) alime: IM TIRED
(46:49 / Allies) ManiaRPG: check 
(47:20 / 6) SMEAGOL: 20 peions idle contstnatly
(47:28 / 6) SMEAGOL: if i spam click idle peon + buld tower i can run out of wood
(47:30 / Allies) alime: look
(47:41 / 6) SMEAGOL: tehn i have 600 wood 30 seconds later
(48:02 / Allies) alime: WTF
(48:10 / 6) SMEAGOL: bolty him
(48:14 / 6) SMEAGOL: bolt him
(48:21 / 6) SMEAGOL: lol 
(48:24 / 6) SMEAGOL: get ahead of him
(48:45 / 6) SMEAGOL: failure
(48:59 / All) alime: PWNED
(49:02 / All) alime: ::P
(49:35 / 6) SMEAGOL: im gonna tk now
(49:47 / 7) fliesarebuzzing: ok
(50:35 / Allies) alime: teal
(50:47 / 6) SMEAGOL: yo
(50:50 / All) SMEAGOL: tyo
(51:01 / All) ManiaRPG: omg u re  dead
(51:02 / Allies) TypeTextHere: lmao
(51:04 / All) SMEAGOL: now hoos the noob red
(51:12 / All) ManiaRPG: sure  u  always  still u
(51:20 / Allies) ManiaRPG: gguys lets  kill him
(53:47 / All) SMEAGOL: lol
(54:14 / 7) fliesarebuzzing: can yhou give me some items to sell or something?
(54:20 / All) SMEAGOL: in a sec
(54:55 / Allies) alime: fuck it 
(55:33 / All) SMEAGOL: middle..
(55:46 / All) SMEAGOL: go mid
(57:10 / All) SMEAGOL: fag
(57:13 / All) SMEAGOL: u lost the clicking war
(57:20 / All) ManiaRPG: nope
(57:26 / All) SMEAGOL: stop mid now pink
(57:28 / All) SMEAGOL: kill mid
(57:30 / All) SMEAGOL: u there?
(57:41 / 7) fliesarebuzzing: im running ofr my life
(57:44 / 7) fliesarebuzzing: should i use my air?
(57:55 / All) SMEAGOL: yeah
(58:04 / All) SMEAGOL: holy shit @ blues trihero
(58:49 / All) ManiaRPG: ha
(58:52 / All) ManiaRPG: hahahaha
(59:00 / All) ManiaRPG: hilarious
(59:00 / All) SMEAGOL: small victory for a small man
(61:09 / Allies) ManiaRPG: im here
(61:37 / Allies) ManiaRPG: share units with me blue
(61:38 / Allies) ManiaRPG: pls
(61:46 / Allies) TypeTextHere: good idea
(62:08 / Allies) TypeTextHere: lol
(62:12 / Allies) TypeTextHere: duno what ha[[enmed there
(62:19 / 7) fliesarebuzzing: his mass tp is down
(63:16 / 7) fliesarebuzzing: iu never got bombs for all those gyros
(63:19 / Allies) TypeTextHere: its gg dude
(63:20 / Allies) TypeTextHere: f it
(63:34 / All) SMEAGOL: owned little shitlings
(63:40 / All) ManiaRPG: well i win anyway
(63:43 / All) ManiaRPG: otherwise
(63:44 / All) SMEAGOL: LOL
(63:45 / All) SMEAGOL: GOOD ONE
(63:45 / All) ManiaRPG: i won leave
(63:53 / All) fliesarebuzzing: lol
(63:56 / All) fliesarebuzzing: i laughed
(63:57 / All) ManiaRPG: i want to c  u destroy  all ur structures
(64:02 / All) ManiaRPG: so did u
(65:16 / All) ManiaRPG: this is just  a new acc
(65:16 / 7) fliesarebuzzing: should i go after his hero
(65:23 / All) SMEAGOL: WE CARE, RED
(65:24 / All) SMEAGOL: fuck
(65:24 / All) ManiaRPG: u hav  to destroy every structure
(65:28 / All) ManiaRPG: this aint  starcraft
(65:35 / All) SMEAGOL: we could always just disc hack you, turd
(65:43 / All) ManiaRPG: go ahead
(66:16 / All) ManiaRPG: do what u will
(66:24 / All) fliesarebuzzing: these are new accounts or us too
(66:43 / All) SMEAGOL: AFK
(66:44 / All) fliesarebuzzing: or didnt you notice
(66:49 / All) fliesarebuzzing: ther were four level 1s in this game
(66:53 / All) ManiaRPG: nop
(67:02 / All) ManiaRPG: i did it on purpos
(67:09 / All) fliesarebuzzing: did waht
(67:26 / All) ManiaRPG: i shared my units
(67:30 / All) ManiaRPG: with  him
(67:31 / All) fliesarebuzzing: i noticed
(67:34 / All) ManiaRPG: on purpos
(67:39 / All) ManiaRPG: i wasnt afk
(67:44 / All) fliesarebuzzing: i know that...
(67:47 / All) fliesarebuzzing: it was pretty obvious
(67:49 / All) ManiaRPG: o
(67:51 / All) fliesarebuzzing: when you dropped your items
(67:54 / All) fliesarebuzzing: and held still
(67:56 / All) ManiaRPG: nop
(67:59 / All) ManiaRPG: he did
(67:59 / All) SMEAGOL: 4 idle shredders
(68:02 / All) ManiaRPG: lol
(68:39 / All) ManiaRPG: mujeres  a bailar!
(69:13 / All) ManiaRPG: u guys from
(69:31 / All) fliesarebuzzing: sri lanka
(69:34 / All) ManiaRPG: ?
(70:13 / All) ManiaRPG: ouch
(70:22 / All) ManiaRPG: purpl
(70:31 / All) ManiaRPG: he got the entired map
(71:11 / All) ManiaRPG: hey
(71:14 / All) SMEAGOL: dont attk my sappers
(71:27 / All) ManiaRPG: hey dude share with m
(71:30 / All) ManiaRPG: i promise
(71:35 / All) SMEAGOL: zzz squelched
(71:36 / Allies) ManiaRPG: i wont do   anyt
(72:00 / All) ManiaRPG: i ll tell u where he is
(72:40 / All) ManiaRPG: send air to thje middle now
(72:53 / All) fliesarebuzzing: what for
(73:00 / All) ManiaRPG: go
(73:03 / All) ManiaRPG: trust m
(73:15 / All) fliesarebuzzing: i already see hes putting up a quick hall
(73:54 / All) ManiaRPG: botoom
(74:03 / All) ManiaRPG: he has 2 bases no tower
(74:07 / All) ManiaRPG: go air there
(74:12 / All) ManiaRPG: good
(74:13 / All) fliesarebuzzing: oh you mean those
(74:19 / All) ManiaRPG: yi
(74:22 / All) fliesarebuzzing: i already knew about those
(74:27 / All) ManiaRPG: lol
(74:32 / 6) SMEAGOL: u should pretend to kill me
(74:33 / 6) SMEAGOL: and lose horribly
(74:34 / 6) SMEAGOL: or soemthing
(74:43 / All) ManiaRPG: give som repair to the poor copter,..........:p\
(74:55 / All) ManiaRPG: dont hit the bm
(74:59 / All) ManiaRPG: has a potion
(75:11 / All) ManiaRPG: run
(76:16 / 7) fliesarebuzzing: should i mass mortars or tanks?
(76:31 / 6) SMEAGOL: morts
(77:17 / All) ManiaRPG: hit
(77:26 / All) fliesarebuzzing: i am attacking
(77:29 / All) ManiaRPG: so that
(77:36 / All) ManiaRPG: they can  hit
(77:38 / All) ManiaRPG: ground
(77:42 / All) fliesarebuzzing: oh
(78:06 / All) SMEAGOL: fuck im pro
(78:10 / 7) fliesarebuzzing: 50k gold
(78:17 / 6) SMEAGOL: yeah what to do with it
(78:59 / 7) fliesarebuzzing: lol
(79:32 / All) SMEAGOL: lol
(79:37 / All) ManiaRPG: hahahah tell him that i challenge him  1vs1
(80:41 / All) ManiaRPG: im gonna play some final fantasy x
(81:06 / 7) fliesarebuzzing: if you kill that it wont come back
(81:32 / All) fliesarebuzzing: karate chop
(82:02 / 6) SMEAGOL: im going to make a grunt factory
(82:07 / 6) SMEAGOL: to pump grutns into that coerner to get towershot
(82:14 / 7) fliesarebuzzing: lol
(82:28 / 6) SMEAGOL: r u outta peons?
(82:36 / 7) fliesarebuzzing: i have one somewhere
(82:44 / 7) fliesarebuzzing: oh shit
(82:47 / 7) fliesarebuzzing: hes locked in towers
(82:51 / 6) SMEAGOL: ze[[ hip out
(82:52 / 6) SMEAGOL: zep
(84:05 / 7) fliesarebuzzing: and to think i almost killed that knave earlier
(84:37 / 7) fliesarebuzzing: raiders are cheaper
(84:58 / 6) SMEAGOL: they cost wood
(85:12 / 7) fliesarebuzzing: oh
(85:26 / 7) fliesarebuzzing: what did you make bestiaries for then?
(85:34 / 6) SMEAGOL: kodos
(87:41 / All) ManiaRPG: hhhahahahah 
(87:44 / All) ManiaRPG: good  purpl
(88:21 / 7) fliesarebuzzing: should i be attacking?
(88:30 / 6) SMEAGOL: i guess you can kill the towers
(88:37 / 6) SMEAGOL: i only need my grunt factories and my mines
(89:12 / 7) fliesarebuzzing: this game is kind of all played out i think
(89:18 / 7) fliesarebuzzing: we should bring this to a close somehow
(89:22 / 6) SMEAGOL: i want to mass stuff until im out of gold
(89:36 / 7) fliesarebuzzing: gl with that
(89:40 / 7) fliesarebuzzing: its gone up since i last checked
(89:45 / 7) fliesarebuzzing: 60k
(90:45 / 7) fliesarebuzzing: oh yeah
(90:53 / 7) fliesarebuzzing: just recently i found out that those stupid spirit walkers
(90:55 / 7) fliesarebuzzing: can rez each other
(91:00 / 6) SMEAGOL: lol
(91:01 / 7) fliesarebuzzing: i thought htey could onlyu rez tarns
(91:05 / 6) SMEAGOL: they are taurens
(91:11 / 7) fliesarebuzzing: yeah right
(91:15 / 7) fliesarebuzzing: those wimpy shrimpies
(91:16 / 6) SMEAGOL: tauren is a race
(91:18 / 6) SMEAGOL: learn the lore
(91:23 / 7) fliesarebuzzing: no
(92:04 / All) ManiaRPG: hit bottom  right  
(92:07 / All) ManiaRPG: no tower
(92:16 / All) ManiaRPG: hes making  structures there
(92:18 / All) ManiaRPG: a lot!
(92:20 / All) ManiaRPG: go there
(92:38 / All) fliesarebuzzing: but im trying to destroy the towers
(92:50 / All) SMEAGOL: something red should have done logn ago
(92:53 / All) SMEAGOL: and he would be still alive
(95:40 / 7) fliesarebuzzing: oops i blew up one of your mines
(96:02 / 6) SMEAGOL: get that
(96:05 / 6) SMEAGOL: not my epxo
(102:51 / 7) fliesarebuzzing: wow a gold mine is actually runnin low
(103:00 / 6) SMEAGOL: i drained my main
(105:46 / 6) SMEAGOL: i have 10 mines running
(106:04 / 7) fliesarebuzzing: up to 65
(106:09 / All) fliesarebuzzing: come on randolf we're gonna be late
(110:11 / All) SMEAGOL: lol
(110:30 / 7) fliesarebuzzing: what
(110:40 / 7) fliesarebuzzing: lol
(111:43 / 7) fliesarebuzzing: look at minimap
(111:46 / 7) fliesarebuzzing: purple and pink worm
(111:50 / 6) SMEAGOL: lol
(113:43 / 7) fliesarebuzzing: once your ally leaves
(113:48 / 7) fliesarebuzzing: you cant get a neutral hero with him
(114:01 / 6) SMEAGOL: or buy zeps with his gold
(115:39 / 7) fliesarebuzzing: two scrolls of ressurection on ground
(115:49 / 6) SMEAGOL: yeah i put them there
(115:51 / 6) SMEAGOL: no good for a bnm
(115:54 / 6) SMEAGOL: bm
(116:03 / 7) fliesarebuzzing: use them there
(116:07 / 7) fliesarebuzzing: to go over 100 food
(116:08 / 7) fliesarebuzzing: or something
(116:10 / 6) SMEAGOL: dont kill top right
(120:01 / 7) fliesarebuzzing: i never finished that top right perch
(120:03 / 7) fliesarebuzzing: ran outta gold
(123:49 / All) ManiaRPG: hey whos there?
(123:59 / All) SMEAGOL: we are still fighting
(124:10 / All) ManiaRPG: o i c  u geetting owned
(125:08 / All) ManiaRPG: hey lo0l////
(125:25 / All) ManiaRPG: i c  u died
(125:29 / All) ManiaRPG: now im happy
(125:35 / All) ManiaRPG: and i can leave
(125:38 / 6) SMEAGOL: lol
(128:30 / 7) fliesarebuzzing: how comes when the pheonix gets back up it doesnt go back to the orders it had before
(128:38 / 6) SMEAGOL: lol
(129:23 / 7) fliesarebuzzing: the bad thing about these itunes radio stations is that some of them only cycle through like 100 songs or something
(129:39 / 6) SMEAGOL: itunes what
(129:47 / 7) fliesarebuzzing: itunes radio
(130:01 / 7) fliesarebuzzing: its how i get ktru
(130:03 / 7) fliesarebuzzing: its free
(130:49 / All) SMEAGOL: lol
(130:51 / 7) fliesarebuzzing: lol
(130:52 / 7) fliesarebuzzing: finally
(131:00 / All) SMEAGOL: earlier
(131:02 / All) SMEAGOL: uc oudl tell
(131:09 / 7) fliesarebuzzing: i like how he kept trying to give me advice
(131:09 / All) SMEAGOL: he wanted so bad for me to say NUH UH I DIDNT DIE IM SCREWING AROUND
(131:18 / 7) fliesarebuzzing: yeah
(131:21 / All) SMEAGOL: then he could say HAEE HAEHEHEWA HEWAWA NO, I REALLY BELEIVE YOU GOT OWNED
(131:24 / All) SMEAGOL: and leave game
(131:33 / 7) fliesarebuzzing: but thats a little more thinking than most gaybutts do
(131:45 / 7) fliesarebuzzing: most fours players will never understand that youre not interested in winning
(132:07 / All) SMEAGOL: no he had figured that aout by the end
(132:15 / All) SMEAGOL: he just wanted to convice me that he wasnt dispirtied
(132:18 / All) SMEAGOL: by his getting owned
(132:24 / 7) fliesarebuzzing: lol
(132:27 / 7) fliesarebuzzing: but he was
(132:49 / 7) fliesarebuzzing: he would have just said "meh" and left otherwise
(134:13 / All) SMEAGOL: i wonder if at any point they thought my having 200 towers in everyones base would be a bad thing
(134:18 / All) SMEAGOL: or if they were just so thrilled to be winning
(134:27 / All) SMEAGOL: winning in a gametype that wasnt "make 3 units and rush"
(134:47 / 7) fliesarebuzzing: yeah half the time when i try to put towers in an ally's base
(134:52 / 7) fliesarebuzzing: they see it as a threat
(135:02 / 7) fliesarebuzzing: and i guess theyre right
(135:11 / 7) fliesarebuzzing: usually only bsers bother to put towers in ally's bses
(135:14 / 7) fliesarebuzzing: like sean
(135:25 / All) SMEAGOL: lol
(135:35 / All) SMEAGOL: the shops are finally making good items
(135:41 / All) SMEAGOL: but sitll no staff of tp or boots of speed
(136:13 / 7) fliesarebuzzing: what's the weather like in houston?
(136:19 / All) SMEAGOL: l;ike 60 maybe at night
(136:23 / All) SMEAGOL: during the day it was aroudn 70
(136:32 / 7) fliesarebuzzing: yeah same kind of thing here
(137:11 / All) SMEAGOL: doom guard is a pretty good unit
(137:14 / All) SMEAGOL: i used ot hate it
(137:23 / All) SMEAGOL: but cripple is good for catching a hero and stomp is good for a land army
(137:41 / 7) fliesarebuzzing: rain of fire is good for wasting mana
(137:47 / 7) fliesarebuzzing: doesnt it have dispel?
(137:50 / All) SMEAGOL: yeah
(137:53 / All) SMEAGOL: i never use it
(138:18 / All) SMEAGOL: i saw some video on livelak of two professional wow players having an argument
(138:20 / All) SMEAGOL: at blizzcon
(138:32 / All) SMEAGOL: because one of them wasnt doing somethign right
(138:37 / 7) fliesarebuzzing: oh god
(138:39 / 7) fliesarebuzzing: always
(138:39 / All) SMEAGOL: the other one bitched at him then got up and walked away
(138:44 / All) SMEAGOL: and thwy were yealling at each other
(138:50 / 7) fliesarebuzzing: if you ever read anything wow players are saying
(138:55 / 7) fliesarebuzzing: its always "your ui is wrong"
(139:00 / All) SMEAGOL: they had matching white and black tracksuits
(139:01 / 7) fliesarebuzzing: or "thats not right"
(139:02 / All) SMEAGOL: their wow team did
(139:12 / 7) fliesarebuzzing: faggerts
(139:27 / 7) fliesarebuzzing: how come you didnt kill the mk?
(139:37 / All) SMEAGOL: it was too boring i ran outy of items
(139:46 / 7) fliesarebuzzing: big fatty
(139:50 / 7) fliesarebuzzing: 1400 health
(139:55 / All) SMEAGOL: wait let me give it my belts of strenght
(141:09 / 7) fliesarebuzzing: each point increases  hit points by 25
(141:16 / 7) fliesarebuzzing: and hit point regen
(141:23 / 7) fliesarebuzzing: of strength
(141:37 / 7) fliesarebuzzing: im up to 1800 health now
(142:04 / 7) fliesarebuzzing: a belt of giant strength gives almost as much health as a preapt
(142:29 / All) SMEAGOL: nothign comes close to kandars gem of health
(142:34 / All) SMEAGOL: and i think you can buy that on some ffa maps
(142:38 / All) SMEAGOL: at neutral marketplace
(142:41 / 7) fliesarebuzzing: nuh uh
(142:44 / 7) fliesarebuzzing: does not exist
(142:49 / 7) fliesarebuzzing: just like gem of true sight
(143:05 / All) SMEAGOL: o think gem of truesight really doesnt drop anymore
(143:15 / 7) fliesarebuzzing: yeah its a roc only thing
(143:22 / 7) fliesarebuzzing: not that it was an awesome item or anything
(143:28 / 7) fliesarebuzzing: its just like having a gyro follow you
(143:53 / 7) fliesarebuzzing: "rinse away magic"
(143:58 / 7) fliesarebuzzing: is what my tip for dispel is
(144:01 / 7) fliesarebuzzing: changed hotkey to r
(144:07 / All) SMEAGOL: i changed move to r
(144:19 / All) SMEAGOL: its ok except im always tryign to repair a tower thats getting woned
(144:23 / All) SMEAGOL: adn my peons just walk to it
(144:25 / All) SMEAGOL: adn dont repair
(144:28 / 7) fliesarebuzzing: i made move D
(144:38 / All) SMEAGOL: all my hero abilities are f
(144:46 / All) SMEAGOL: i didnt want anythign near f but maybe other hero abiltites
(145:34 / 7) fliesarebuzzing: spiked barricades vs healing fountain
(145:38 / 7) fliesarebuzzing: barricades winning
(146:27 / 7) fliesarebuzzing: do you get xp when my peons knave themselves on your spiked barricades?
(146:33 / All) SMEAGOL: no
(147:41 / 7) fliesarebuzzing: furblog ursa warrior does not have a casting animation
(147:46 / 7) fliesarebuzzing: so it just holds still to stomp
(147:48 / All) SMEAGOL: lol
(147:56 / 7) fliesarebuzzing: btw
(148:01 / All) SMEAGOL: i wonder if there could be a furblog ulsa warrior hack
(148:02 / 7) fliesarebuzzing: i made another one of those shittycustom games
(148:12 / All) SMEAGOL: what happens in it
(148:14 / 7) fliesarebuzzing: where its jsut lumpy ground doodads and oversized cinematic units
(148:22 / All) SMEAGOL: lol
(148:28 / All) SMEAGOL: why did you make it?
(148:28 / 7) fliesarebuzzing: lag city
(148:34 / 7) fliesarebuzzing: i dunno
(148:36 / 7) fliesarebuzzing: to fool people
(148:37 / 7) fliesarebuzzing: for fun
(148:40 / 7) fliesarebuzzing: no
(148:43 / All) SMEAGOL: i probably could have set tower record
(148:49 / 7) fliesarebuzzing: i called it "dota td"
(150:13 / All) SMEAGOL: another belt of str
(150:25 / 7) fliesarebuzzing: 2325 health
(150:27 / 7) fliesarebuzzing: a fatty
(150:37 / 7) fliesarebuzzing: no boots of quel thalas all game
(150:43 / All) SMEAGOL: 91-102 attack
(150:48 / All) SMEAGOL: no, i had 2
(150:56 / All) SMEAGOL: and another in shop i didnt touch
(151:03 / 7) fliesarebuzzing: whers your hero
(151:06 / All) SMEAGOL: dead
(151:12 / 7) fliesarebuzzing: oh
(151:47 / 7) fliesarebuzzing: can you put an ethereal spirit walker in a zeppelin?
(151:51 / All) SMEAGOL: yeah
(152:03 / 7) fliesarebuzzing: does it get extra dizzy when it crashes because its ethereal?
(152:10 / All) SMEAGOL: probably not
(152:58 / 7) fliesarebuzzing: back in the old days hiding a town center up in that corner was actually effective
(153:14 / All) SMEAGOL: nevermore
(153:18 / 7) fliesarebuzzing: yeah
(153:24 / 7) fliesarebuzzing: if i wanted to have that kind of fun again
(153:32 / 7) fliesarebuzzing: id have to wait for a new game to come out that was good
(153:35 / 7) fliesarebuzzing: and get good at it fast
(153:39 / 7) fliesarebuzzing: and find the exploits
(153:51 / All) SMEAGOL: i wonder how many ppl will play sc2
(153:58 / All) SMEAGOL: that dont have tons of experience with sc and wc4
(153:59 / All) SMEAGOL: 3
(154:00 / 7) fliesarebuzzing: 100% of russia
(154:04 / 7) fliesarebuzzing: 2
(154:32 / 7) fliesarebuzzing: darn it
(154:42 / 7) fliesarebuzzing: im going to hammer one right as its walking into the mine
(154:47 / 7) fliesarebuzzing: no go back
(154:48 / 7) fliesarebuzzing: :(
(155:04 / 7) fliesarebuzzing: make it mine
(155:15 / 7) fliesarebuzzing: lol
(155:17 / 7) fliesarebuzzing: hammer hit the mine
(155:19 / 7) fliesarebuzzing: safe peon
(155:29 / 7) fliesarebuzzing: in warcraft 2 you can kill the mine
(155:34 / All) SMEAGOL: gross
(155:37 / All) SMEAGOL: if you could do that in this game
(155:45 / All) SMEAGOL: just htink of all the wacky rt gamees you coudl have
(155:52 / 7) fliesarebuzzing: it would just be mini proto
(155:57 / 7) fliesarebuzzing: store gold before your mine blows
(156:14 / All) SMEAGOL: how much attacking killed a mine
(156:22 / All) SMEAGOL: what if 12 gryophons could kill gold mine in the time of a tp
(156:35 / 7) fliesarebuzzing: you cant really compare it like that
(156:42 / 7) fliesarebuzzing: 1200 gryphons on wc2 wouldnt kill a house
(156:45 / 7) fliesarebuzzing: in twenty minuts
(156:54 / 7) fliesarebuzzing: because it takes 21 minute to get the first attack off
(157:14 / 7) fliesarebuzzing: i would say that nine ogres could kill a gold mine before you could get to it to save it
(157:19 / 7) fliesarebuzzing: as long as you didnt see them coming
(157:30 / 7) fliesarebuzzing: nine being a full control group
(157:34 / 7) fliesarebuzzing: and ogres being tier 2
(157:39 / 7) fliesarebuzzing: which is better than tier 3
(158:47 / All) SMEAGOL: im now officially broke
(158:59 / All) SMEAGOL: if i cant win with my zeppelins full of spirit walklers then i cant win at all
(159:23 / 7) fliesarebuzzing: why four shops
(159:41 / 7) fliesarebuzzing: move a dizzy spirit walker
(160:06 / 7) fliesarebuzzing: didnt even get an attack off
(160:14 / 7) fliesarebuzzing: i cant see you winning like that
(160:35 / 7) fliesarebuzzing: the last time we did this
(160:42 / 7) fliesarebuzzing: i had to explain to that guy how to take down my towers
(160:46 / 7) fliesarebuzzing: and he was still doing it wrong
(161:00 / All) SMEAGOL: infinite unit kills
(161:17 / 7) fliesarebuzzing: there should be a spell damage boosting item
(161:25 / 7) fliesarebuzzing: like if i had six of them my hammer would be a one hit kill
(162:23 / 7) fliesarebuzzing: no mana
(162:27 / 7) fliesarebuzzing: bodies disappearing
(163:16 / All) SMEAGOL: go ahead and try to kil lthem
(163:17 / All) SMEAGOL: u cant
(163:19 / 7) fliesarebuzzing: my mk has like three or four times as much health as mana
(163:47 / 7) fliesarebuzzing: i dont think you did that right
(164:14 / All) SMEAGOL: well unless you want to lose 44000 worth of units to my one tower
(164:17 / All) SMEAGOL: i think were done here
(164:25 / 7) fliesarebuzzing: yeah
(164:29 / All) SMEAGOL: who gets loss
(164:40 / All) fliesarebuzzing: your guy stayed longer
(164:47 / All) fliesarebuzzing: my allies werent anything special
(164:50 / All) fliesarebuzzing: not bad not good
(165:02 / All) SMEAGOL: hmm
(165:04 / All) SMEAGOL: go to healing well
(165:06 / All) fliesarebuzzing: as far as being chatty cathies and shitting their pants
(165:08 / All) SMEAGOL: and well leave when mk is full heatlh
(165:09 / All) SMEAGOL: same time
(165:55 / 7) fliesarebuzzing: would have been faster to have one tower shoot him and leave at death
(165:56 / All) SMEAGOL: wait
(166:03 / All) SMEAGOL: lets leave when avatar is over
(166:07 / 7) fliesarebuzzing: ok
(166:11 / All) SMEAGOL: try to leave right when bar hits end
(166:11 / 7) fliesarebuzzing: first alt q
(166:15 / All) SMEAGOL: eyah